 Dungeon Crawl Stone Soup version 0.31-a0-188-g5e087ee2ca (webtiles) character file.

Game seed: 6017924542063102675

128 qw the Skirmisher (level 4, -1/25 HPs)
             Began as a Deep Elf Hunter on June 23, 2023.
             Succumbed to an adder's poison
             ... on level 2 of the Dungeon.
             The game lasted 00:00:42 (1232 turns).

qw the Skirmisher (Deep Elf Hunter)                 Turns: 1232, Time: 00:00:42

Health: -1/25      AC:  3    Str: 10    XL:     4   Next: 86%
Magic:  6/6        EV: 12    Int: 14    God:
Gold:   114        SH:  0    Dex: 18    Spells: 3/3 levels left

rFire   . . .        Y - +0 shortbow
rCold   . . .        (shield currently unavailable)
rNeg    + . .        c - +0 leather armour
rPois   .            (no helmet)
rElec   .            (no cloak)
rCorr   .            (no gloves)
SInv    .            (no boots)
Will    .....        (no amulet)
Stlth   ++           h - ring of positive energy
HPRegen 0.24/turn    (no ring)
MPRegen 0.10/turn

%: no passive effects
@: lethally poisoned (-1 -> -6)
A: no striking features
a: no special abilities


You were on level 2 of the Dungeon.
You visited 1 branch of the dungeon, and saw 2 of its levels.

You collected 114 gold pieces.


   Skills:
 - Level 1.5 Fighting
 + Level 8.3 Ranged Weapons
 - Level 2.4 Dodging
 - Level 1.2 Stealth


You had 3 spell levels left.
You didn't know any spells.
Your spell library was empty.

Inventory:

Hand Weapons
 Y - a +0 shortbow (weapon)
Armour
 c - a +0 leather armour (worn)
 f - a +1 robe of fire resistance
 k - a +0 scale mail
 m - a +0 pair of boots
 p - a +0 ring mail
Jewellery
 h - a ring of positive energy (left hand)
 l - a ring of fire
Scrolls
 b - a scroll of identify {unknown}
 i - a scroll of immolation {unknown}
 n - a scroll of poison {unknown}
Potions
 a - a potion of ambrosia {unknown}
 d - a potion of mutation {unknown}
 e - a potion of brilliance {unknown}
 g - a potion of might {unknown}
 j - a potion of heal wounds {unknown}
 o - a potion of curing {unknown}

Dungeon Overview and Level Annotations

Branches:
Dungeon (2/15)

Altars:
Hepliaklqana

Annotations:
D:2 1 runed translucent door, Crazy Yiuf


Message History

Enter note:
p - a +0 ring mail You see here a +0 chain mail.
An adder comes into view.
The adder hisses angrily.
Enter note:
Enter note:
Enter note:
Enter note:
Enter note:
Enter note: You shoot an arrow.
The arrow misses the adder.
You shoot an arrow. The arrow closely misses the adder.
You shoot an arrow. The arrow misses the adder.
The adder bites you. x2
You are poisoned.
The adder poisons you!
You shoot an arrow. The arrow hits the adder.
The adder is moderately wounded.
You feel sick. The adder closely misses you.
You shoot an arrow. The arrow misses the adder.
You feel sick. The adder bites you. x2
You are more poisoned.
The adder poisons you!
You shoot an arrow. The arrow barely misses the adder.
You feel sick. The adder barely misses you.
You shoot an arrow. The arrow closely misses the adder.
You feel sick. The adder bites you.
You are lethally poisoned!
The adder poisons you! The adder closely misses you.
You shoot an arrow. The arrow closely misses the adder.
You feel very sick. The adder barely misses you.
You shoot an arrow. The arrow hits the adder!
You kill the adder!
You feel sick.
There is a lethal amount of poison in your body!
You feel sick.
There is a lethal amount of poison in your body!
You die...

#.....##~~~..~~~##
##.
#######~~~~..~~~~##
####..
##~~~~~.%~~~~~##
#.....
##~~~~~~..~~~~~~#
#.###.
#~~~~~~~..~~~~~~~
#.# #.
~~~~~~~~..~~~~~~~
#.###.
~~~~~~~~..~~~~~~~
#.#...
~~~~~~~8[.8~~~~~~
#.....
~~~~~~~@~~.~~~~~~
#...##
~~~~~~~.~~.~~~~~~
#...##
~~~~~~~8..8~~~~~~
###...
~~~~~~~~..~~~~~~~
####
~~~~~~~~..~~~~~~~ #
#~~~~~~~..~~~~~~~ #
##~~~~~~..~~~~~~#
##~~~~~..~~~~~


There were no monsters in sight!

Vanquished Creatures
  Jessica (D:2)
  Terence (D:2)
  2 adders (D:2)
  A worm (D:2)
  A dart slug (D:2)
  6 endoplasms
  2 giant cockroaches
  5 goblins
  5 hobgoblins (D:1)
  4 kobolds
  4 quokkas
  2 ball pythons (D:1)
  6 bats
  6 frilled lizards
  8 rats
54 creatures vanquished.

Notes
Turn   | Place    | Note
-------+----------+-------------------------------------------
     0 | D:1      | qw the Deep Elf Hunter began the quest for the Orb.
     0 | D:1      | Reached XP level 1. HP: 12/12 MP: 3/3
     0 | D:1      | 0 ||| qw: Version: 0.3-a-9-g12657ce
     0 | D:1      | 0 ||| qw: Game counter: 3907
     0 | D:1      | 0 ||| qw: Always use a shield: true
     0 | D:1      | 0 ||| qw: God list: Okawaru
     0 | D:1      | 0 ||| qw: Allow faded altars: false
     0 | D:1      | 0 ||| qw: Do Orc after D:15 true
     0 | D:1      | 0 ||| qw: Do second Lair branch before Depths: true
     0 | D:1      | 0 ||| qw: Lair rune preference: random
     0 | D:1      | 0 ||| qw: Plans: Normal
     0 | D:1      | 0 ||| PLANNING D:1-11
    23 | D:1      | 23 ||| FLEEEEING.
    24 | D:1      | 24 ||| FLEEEEING.
    25 | D:1      | 25 ||| FLEEEEING.
   104 | D:1      | Reached skill level 6 in Ranged Weapons
   104 | D:1      | Reached XP level 2. HP: 10/16 MP: 4/4
   592 | D:1      | 592 ||| UPGRADING to ring of positive energy.
   593 | D:1      | 593 ||| READING scroll labelled JUMMOU ENAGH.
   594 | D:1      | 594 ||| READING scroll labelled JIUFRE WOINOI.
   595 | D:1      | 595 ||| READING scroll labelled CENEIH SITEBA.
   596 | D:1      | 596 ||| DROPPING scroll of butterflies.
   617 | D:2      | Reached XP level 3. HP: 20/20 MP: 5/5
   620 | D:2      | 620 ||| STAIRDANCE
   683 | D:2      | Found a hazy altar of Hepliaklqana.
   706 | D:2      | Noticed Jessica
   710 | D:2      | Killed Jessica
   711 | D:2      | Reached skill level 7 in Ranged Weapons
   715 | D:2      | Reached XP level 4. HP: 25/25 MP: 6/6
   745 | D:2      | 745 ||| FLEEEEING.
   746 | D:2      | 746 ||| FLEEEEING.
   747 | D:2      | 747 ||| FLEEEEING.
   825 | D:2      | Noticed Terence
   834 | D:2      | Killed Terence
   899 | D:2      | Found a runed translucent door.
   900 | D:2      | Noticed Crazy Yiuf
   990 | D:2      | Reached skill level 8 in Ranged Weapons
  1229 | D:2      | HP: 5/25 [poisoned by an adder]
  1231 | D:2      | HP: 1/25 [poisoned by an adder]
  1232 | D:2      | Succumbed to an adder's poison

Levels and vault maps discovered:
D:1:      wander_arrival_chamber, layout_basic, minmay_pentomino_s4
D:2:      kennysheep_big_flooded_room, layout_rooms, basic_altar,
          minmay_misc_feat_encased, uniq_jessica, uniq_terence,
          uniq_crazy_yiuf_cottage

Skill      XL: |  1  2  3  4 |
---------------+-------------+-----
Ranged Weapons | 6 7 8 |  8.3
Fighting       | |  1.5
Dodging        | |  2.4
Stealth        | |  1.2

Action                     |  1- 3 |  4- 6 || total
---------------------------+-------+-------++-------
   Fire: Shortbow          |    91 |    92 ||   183
    Use: Scroll            |     3 |       ||     3
 Armour: Leather armour    |     7 |     9 ||    16
  Dodge: Dodged            |    31 |    40 ||    71

Table legend:
 A = Non-vault XP
 B = Vault XP
 C = Vault XP percentage of total XP
 D = Non-vault monster count
 E = Vault monster count
 F = Vault count percentage of total count
                 A         B        C        D         E       F
            +---------+---------+-------+---------+---------+-------
      Total |     103 |      80 |  43.7 |      47 |       7 |  13.0
            +---------+---------+-------+---------+---------+-------
        D:1 |      36 |       5 |  12.2 |      24 |       3 |  11.1
        D:2 |      67 |      75 |  52.8 |      23 |       4 |  14.8
            +---------+---------+-------+---------+---------+-------
